 Dungeon Crawl Stone Soup version 0.32-a0-422-g28b100f618 (webtiles) character file.

Game seed: 1225828060076733575

221 Aldia the Changeling (level 5, -5/35 (39) HPs)
             Began as a Merfolk Shapeshifter on Feb 21, 2024.
             Slain by a wight
             ... wielding a +5 flail
              (19 damage)
             ... in an ossuary.
             The game lasted 00:03:14 (2920 turns).

Aldia the Changeling (Merfolk Shapeshifter)         Turns: 2920, Time: 00:03:14

HP:   -5/35 (39)    AC:  2    Str: 17    XL:     5   Next: 98%
MP:   5/5           EV: 12    Int:  9    God:
Gold: 146           SH:  0    Dex: 13    Spells: 4/4 levels left

rFire   . .          .
                       - Unarmed
rCold   . . .        (no shield)
rNeg    . . .        a - +0 animal skin
rPois   .            (helmet currently unavailable)
rElec   .            (cloak currently unavailable)
rCorr   .            (gloves currently unavailable)
SInv    .            (boots currently unavailable)
Will    .....        q - amulet of regeneration
Stlth   +            i - ring of flight
HPRegen 1.05/turn    (no ring)
MPRegen 0.09/turn

%: no passive effects
@: confused, beast-form, ambrosia-drunk, flying, heavily drained
A: beast (slay +3), (nimble swimmer 2), mertail
a: Begin Untransformation


You were in an ossuary.
You were a hulking beast.
You visited 1 branch of the dungeon, and saw 5 of its levels.
You also visited: Ossuary.

You collected 146 gold pieces.

Inventory:

Armour
 a - a +0 animal skin (worn)
 k - a +0 helmet
 m - a +0 buckler
Jewellery
 i - a ring of flight (left hand)
 n - a ring of ice
 q - an amulet of regeneration (around neck)
Talismans
 c - a beast talisman (active)
 d - a flux talisman
Wands
 s - a wand of charming (1)
Scrolls
 f - 2 scrolls of poison
 g - a scroll of vulnerability
 h - a scroll of blinking {unknown}
 j - 4 scrolls of teleportation
 l - a scroll of fear {unknown}
Potions
 b - a potion of lignification
 e - a potion of mutation
 o - a potion of cancellation {unknown}
 p - 4 potions of curing


   Skills:
 + Level 2.7 Fighting
 - Level 3.0 Dodging
 * Level 5.1 Unarmed Combat
 * Level 5.8 Shapeshifting


You had 4 spell levels left.
You didn't know any spells.
Your spell library was empty.

Dungeon Overview and Level Annotations

Branches:
Dungeon (5/15)            Ossuary (1/1)
 Temple: D:4-7

Altars:
Yredelemnul

Shops:
D:3 [


Innate Abilities, Weirdness & Mutations

You are a hulking beast.
Your limbs bulge with bestial killing power. (Slay +3)
((You are very nimble when in or above water. (Stealth+, EV+, Speed+++)))
Your lower body shifts to a powerful aquatic tail in water.


Message History

Found a gate leading back out of this place.
There is an empty arch of ancient stone here.
There is an empty arch of ancient stone here.
Found a gate leading back out of this place.
No target in view!
There is a gate leading back out of this place here.
You reach down and open the door.
There is an open door here.
You reach down and open the door.
A wight comes into view. It is wielding a +5 flail.
You hit the wight but do no damage. You hit the wight.
The wight is lightly damaged.
The wight hits you with a +5 flail.
You feel drained.
You hit the wight.
The wight is lightly damaged.
The wight closely misses you.
You hit the wight.
The wight is heavily damaged.
The wight hits you with a +5 flail!
You hit the wight but do no damage.
The wight is heavily damaged.
The wight hits you with a +5 flail!
You feel drained.
* * * LOW HITPOINT WARNING * * *
You are too injured to fight recklessly!
You are too injured to fight recklessly!
You are too injured to fight recklessly!
You are confused.
You feel invigorated. The wight barely misses you.
You bump into the stone wall.
The wight hits you with a +5 flail.
You feel drained.
You hit the wight but do no damage.
The wight is heavily damaged.
The wight hits you with a +5 flail!
You feel drained.
* * * LOW HITPOINT WARNING * * *
You bump into the stone wall.
The wight hits you with a +5 flail.
* * * LOW HITPOINT WARNING * * *
You bump into the stone wall.
The wight hits you with a +5 flail!!
Ouch! That really hurt!
You die...

##### ##...##
##.....## #+
##....♣♣.# #.
##...∩..#.#
##+#+#z##......♣♣.##
.......h'.......#..#
+#+##+###..........#
##........##
##......## ##...###
#...## ###..# ##.#
##.##


You could see a wight.

Vanquished Creatures
  A scorpion (D:5)
  An iguana (D:5)
  5 adders
  4 dart slugs (D:2)
  2 ribbon worms (D:3)
  An orc (D:5)
  5 ball pythons
  An endoplasm (D:3)
  2 giant cockroaches (D:1)
  7 hobgoblins
  3 jackals (D:3)
  A quokka (D:3)
  3 bats
  3 frilled lizards
  5 goblins
  3 kobolds
  2 rats
49 creatures vanquished.

Notes
Turn   | Place    | Note
-------+----------+-------------------------------------------
     0 | D:1      | Aldia the Merfolk Shapeshifter began the quest for the Orb.
     0 | D:1      | Reached XP level 1. HP: 15/15 MP: 1/1
   347 | D:1      | Reached XP level 2. HP: 21/21 MP: 2/2
   787 | D:2      | Reached XP level 3. HP: 15/27 MP: 3/3
  1376 | D:2      | Reached XP level 4. HP: 33/33 MP: 4/4
  1816 | D:3      | Found Ereuneo's Armour Emporium.
  1850 | D:3      | Reached skill level 5 in Shapeshifting
  2275 | D:3      | Reached XP level 5. HP: 38/38 MP: 5/5
  2538 | D:4      | Found a basalt altar of Yredelemnul.
  2560 | D:5      | Entered Level 5 of the Dungeon
  2684 | D:5      | Reached skill level 5 in Unarmed Combat
  2861 | D:5      | Found a sand-covered staircase.
  2875 | Ossuary  | Entered an ossuary
  2920 | Ossuary  | Slain by a wight

Illustrated notes

Levels and vault maps discovered:
D:1:      dpeg_arrival_three_smaller_balls, layout_loops_cross,
          minmay_tiny_reverse_x
D:2:      layout_basic
D:3:      layout_loops_ring, serial_shops, nicolae_diamond_shop, nrook_uturn
D:4:      layout_layer_cave, mainiacjoe_overflow_catwalk, ebering_ghost_sewer_f
D:5:      kennysheep_six_static_rooms, layout_basic,
          mainiacjoe_ossuary_entry_dusty_tomb, uniq_menkaure
Ossuary:  ossuary_due_cavern

Skill      XL: |  1  2  3  4  5 |
---------------+----------------+-----
Dodging        | 3 |  3.0
Unarmed Combat | 4 5 |  5.1
Fighting       | 2 |  2.7
Shapeshifting  | 5 |  5.8

Action                     |  1- 3 |  4- 6 || total
---------------------------+-------+-------++-------
  Melee: Unarmed           |    54 |    87 ||   141
         Punch             |       |     5 ||     5
    Use: Scroll            |     3 |     5 ||     8
         Potion            |     1 |     1 ||     2
   Stab: Sleeping          |       |     2 ||     2
 Armour: Animal skin       |    26 |    40 ||    66
  Dodge: Dodged            |    44 |    41 ||    85

Table legend: (Time is in decaauts)
 A = Elapsed time spent in this place.
 B = Non-inter-level travel time spent in this place.
 C = Inter-level travel time spent in this place.
 D = Time resting spent in this place.
 E = Time spent auto-exploring this place.
 F = Levels seen in this place.
 G = Mean time per level.
                   A        B        C        D        E       F      G
               +--------+--------+--------+--------+--------+-----+--------+
         Total |   2908 |   2722 |    186 |     21 |   2208 |   6 |  484.7 |
       Dungeon |   2864 |   2678 |    186 |     21 |   2175 |   5 |  572.8 |
       Ossuary |     44 |     44 |      0 |      0 |     33 |   1 |   44.0 |
               +--------+--------+--------+--------+--------+-----+--------+

Top non-repeatable levels by time:
     D:2: 1035 daAuts
     D:1: 774 daAuts
     D:3: 720 daAuts
     D:5: 311 daAuts
 Ossuary: 44 daAuts
     D:4: 21 daAuts
